 Dungeon Crawl Stone Soup version 0.29-a0-352-g0917bc69df (webtiles) character file.

Game seed: 5330984964807615098

450 bande the Covered (level 7, -1/44 HPs)
             Began as a Gargoyle Fighter on Apr 24, 2022.
             Slain by an ice beast (4 damage)
             ... on level 4 of the Dungeon.
             The game lasted 00:06:03 (3621 turns).

bande the Covered (Gargoyle Fighter)                Turns: 3621, Time: 00:06:03

Health: -1/44      AC: 15    Str: 20    XL:     7   Next: 4%
Magic:  7/7        EV:  6    Int:  8    God:
Gold:   204        SH:  9    Dex: 11    Spells: 6/6 levels left

rFire   + . .      SeeInvis .   a - +0 war axe (vorpal)
rCold   + . .      Faith    .   f - +0 kite shield
rNeg    + . .      Spirit   .   k - +0 chain mail
rPois   ∞          Reflect  .   (no helmet)
rElec   +          Harm     .   (no cloak)
rCorr   +          Rampage  .   (no gloves)
Will    .....                   j - +0 pair of boots
Stlth   ..........              (no amulet)
HPRegen 0.14/turn               (no ring)
MPRegen 0.10/turn               (no ring)

@: resistant
A: sickness immunity, AC +4, negative energy resistance 1, electricity
resistance, torment resistance 1, petrification resistance
a: no special abilities


You were on level 4 of the Dungeon.
You visited 1 branch of the dungeon, and saw 4 of its levels.

You collected 204 gold pieces.

Inventory:

Hand Weapons
 a - a +0 vorpal war axe (weapon)
 i - a +0 vorpal flail
 l - a +0 war axe
Armour
 f - a +0 kite shield (worn)
 j - a +0 pair of boots (worn)
 k - a +0 chain mail (worn)
Scrolls
 c - 5 scrolls of teleportation
 g - 2 scrolls of magic mapping
Potions
 d - a potion of might
 e - 2 potions of cancellation
 h - a potion of flight


   Skills:
 + Level 4.5 Fighting
 + Level 4.1 Axes
 + Level 5.0 Armour
 + Level 5.0 Shields


You had 6 spell levels left.
You didn't know any spells.
Your spell library contained the following spells:

 Spells                   Type           Power      Damage    Failure   Level
 Blink                    Tloc           0%         N/A       100%        2
 Static Discharge         Conj/Air       0%         N/A       100%        2
 Lesser Beckoning         Tloc           0%         N/A       100%        3
 Ozocubu's Armour         Ice            0%         N/A       100%        3
 Dispel Undead            Necr           0%         3d6       100%        4
 Sticky Flame             Conj/Fire      0%         2d3       100%        4
 Manifold Assault         Tloc           0%         N/A       100%        5
 Ozocubu's Refrigeration  Ice            0%         4d5       100%        7


Dungeon Overview and Level Annotations

Branches:
Dungeon (4/15)
 Temple: D:4-7

Altars:
Beogh

Shops:
D:2 [


Innate Abilities, Weirdness & Mutations

You are immune to sickness and miasma.
Your stone body is resilient. (AC +4)
You are immune to poison.
You resist negative energy. (rN+)
You are resistant to electric shocks. (rElec)
You are resistant to unholy torment.
You are immune to petrification.


Message History

You block the ice beast's attack.
The ice beast hits you but does no damage.
You hit the ice beast but do no damage.
The ice beast is severely wounded.
You block the ice beast's attack.
You barely miss the ice beast.
The ice beast is severely wounded.
The ice beast hits you but does no damage.
You closely miss the ice beast.
The ice beast is severely wounded.
The ice beast barely misses you. The ice beast hits you.
The ice beast freezes you!
You are too injured to fight recklessly!
You are too injured to fight recklessly!
You are too injured to fight recklessly!
You are too injured to fight recklessly!
You are too injured to fight recklessly!
You are too injured to fight recklessly!
You are too injured to fight recklessly!
You are too injured to fight recklessly!
You are too injured to fight recklessly!
You hit the ice beast but do no damage.
The ice beast is severely wounded.
The ice beast hits you.
* * * LOW HITPOINT WARNING * * *
The ice beast freezes you!
* * * LOW HITPOINT WARNING * * *
You barely miss the ice beast.
The ice beast is severely wounded.
The ice beast hits you but does no damage. x2
You completely miss the ice beast.
The ice beast is severely wounded.
The ice beast hits you but does no damage.
You closely miss the ice beast.
The ice beast is severely wounded.
The ice beast hits you but does no damage. x2
It was a potion of resistance.
You feel protected. The ice beast hits you.
You die...

..........#..#.[##'##..#..#,,*
..........#.##....#....##.#,,*
..........#..##.......##..#,,*
...####.#.#...'.......'.[.#,,*
..## #...#..##.......##..#,,*
.### ##..#.##....#....##.#,,*
...# ##...###...........###,,*
##.###..#.'...............+,,*
*#......#.######@....######,,*
.###..#...#...gY#...#'†...#,,*
....[####.##..gK##.##)...##,,*
##..###...##....*#.##....#*,,*
..........####..,#.#...###*,,*
....###...#**###*#+#####***,,*
###.#*#.......,,,,,,,,,,,,,,,*
**#..,...###.#**,,,,,,,,,,,,,*
,,...###..,,,# *,*************


You could see an ice beast, a gnoll shaman, a hobgoblin and a kobold.

Vanquished Creatures
  2 black bears
  The ghost of zeratav the Shooter, an amateur DgHu (D:3)
  2 orc wizards (D:3)
  A gnoll (D:1)
  6 adders
  An ufetubus (D:4)
  A worm (D:3)
  A dart slug (D:1)
  9 orcs
  5 bats
  5 endoplasms
  6 giant cockroaches
  5 goblins
  6 hobgoblins
  4 jackals (D:3)
  2 quokkas
  7 ball pythons
  3 frilled lizards
  5 kobolds
  3 rats
75 creatures vanquished.

Notes
Turn   | Place    | Note
-------+----------+-------------------------------------------
     0 | D:1      | bande the Gargoyle Fighter began the quest for the Orb.
     0 | D:1      | Reached XP level 1. HP: 14/14 MP: 1/1
    68 | D:1      | Reached XP level 2. HP: 20/20 MP: 2/2
   609 | D:1      | Found a faded altar of an unknown god.
   643 | D:1      | Reached XP level 3. HP: 24/24 MP: 3/3
   934 | D:2      | Found Jetumeco's Armour Shop.
  1140 | D:2      | Reached XP level 4. HP: 29/29 MP: 4/4
  1634 | D:3      | Reached XP level 5. HP: 29/33 MP: 5/5
  2109 | D:3      | Found a runed translucent gate.
  2111 | D:3      | Found a runed translucent gate.
  2113 | D:3      | Found a runed translucent gate.
  2118 | D:3      | Noticed zeratav's ghost (amateur DgHu)
  2384 | D:3      | Noticed a black bear
  2391 | D:3      | Killed a black bear
  2392 | D:3      | Reached XP level 6. HP: 31/38 MP: 6/6
  2844 | D:3      | Killed zeratav's ghost
  3437 | D:4      | Noticed a black bear
  3445 | D:4      | Killed a black bear
  3446 | D:4      | Reached skill level 5 in Armour
  3446 | D:4      | Reached skill level 5 in Shields
  3446 | D:4      | Reached XP level 7. HP: 36/44 MP: 7/7
  3621 | D:4      | Slain by an ice beast

Illustrated notes

Levels and vault maps discovered:
D:1:      eino_arrival_tree_alley, layout_loops_ring,
          shapermc_ecumenical_altar_mp_highgroup, chequers_jeans, st_stairs_7,
          hangedman_abyss_or_decor_stabs
D:2:      layout_loops_ring, serial_shops, shop, minmay_heptomino_w4
D:3:      layout_basic, biasface_ghost_orc_armoury
D:4:      layout_rooms, xom_teletrap_fun, minmay_pentangle, uniq_sigmund

Skill      XL: |  1  2  3  4  5  6 |
---------------+-------------------+-----
Axes           | 2 3 4 |  4.1
Fighting       | 4 |  4.5
Shields        | 4 5 |  5.0
Armour         | 4 5 |  5.0

Action                   |  1- 3 |  4- 6 |  7- 9 || total
-------------------------+-------+-------+-------++-------
Melee: War axe           |    90 |   138 |    29 ||   257
  Use: Scroll            |     6 |     2 |       ||     8
       Potion            |       |     1 |     1 ||     2
Armor: Scale mail        |    62 |    46 |       ||   108
       Chain mail        |       |    52 |    41 ||    93
Dodge: Dodged            |    31 |    63 |     7 ||   101
Block: Buckler           |     8 |       |       ||     8
       Kite shield       |    35 |    91 |    12 ||   138

Table legend: (Time is in decaauts)
 A = Elapsed time spent in this place.
 B = Non-inter-level travel time spent in this place.
 C = Inter-level travel time spent in this place.
 D = Time resting spent in this place.
 E = Time spent auto-exploring this place.
 F = Levels seen in this place.
 G = Mean time per level.
                   A        B        C        D        E       F      G
               +--------+--------+--------+--------+--------+-----+--------+
         Total |   3763 |   3706 |     57 |    910 |   1998 |   4 |  940.8 |
       Dungeon |   3763 |   3706 |     57 |    910 |   1998 |   4 |  940.8 |
               +--------+--------+--------+--------+--------+-----+--------+

Top non-repeatable levels by time:
     D:3: 1648 daAuts
     D:1: 849 daAuts
     D:2: 770 daAuts
     D:4: 495 daAuts
